 Dungeon Crawl Stone Soup version 0.32-a0-306-gfed3edf829 (webtiles) character file.

Game seed: 2925575033003546954

49 jasper the Chopper (level 3, 0/46 HPs)
             Began as a Mountain Dwarf Berserker on Feb 14, 2024.
             Was a Follower of Trog.
             Slain by an adder (3 damage)
             ... on level 2 of the Dungeon.
             The game lasted 00:01:30 (954 turns).

jasper the Chopper (Mountain Dwarf Berserker)        Turns: 954, Time: 00:01:31

Health: 0/46       AC:  2    Str: 19    XL:     3   Next: 53%
Magic:  3/3        EV: 11    Int:  7    God:    Trog [*.....]
Gold:   76         SH:  0    Dex: 11    Spells: 2/2 levels left

rFire   . . .        a - +0 hand axe
rCold   . . .        (no shield)
rNeg    . . .        b - +0 animal skin
rPois   .            (no helmet)
rElec   .            (no cloak)
rCorr   .            (no gloves)
SInv    .            (no boots)
Will    .....        (no amulet) Stlth
                     (no ring)
HPRegen 0.27/turn    (no ring)
MPRegen 0.08/turn

%: no passive effects
@: berserking (expiring), lethally poisoned (0 -> -1), very quick
A: runic magic, artefact enchanting
a: Renounce Religion, Berserk


You were on level 2 of the Dungeon.
You worshipped Trog.
Trog was aware of your devotion.
You visited 1 branch of the dungeon, and saw 2 of its levels.

You collected 76 gold pieces.

Inventory:

Hand Weapons
 a - a +0 hand axe (weapon)
Missiles
 c - 3 stones (quivered)
Armour
 b - a +0 animal skin (worn)


   Skills:
 - Level 3.2 Fighting
 + Level 5.6 Axes
 - Level 2.1 Armour
 - Level 1.3 Dodging


You had 2 spell levels left.
You didn't know any spells.
Your spell library was empty.

Dungeon Overview and Level Annotations

Branches:
Dungeon (2/15)

Altars:


Innate Abilities, Weirdness & Mutations

Your spellcasting is much less encumbered by armour.
You can use scrolls of enchantment on lesser artefacts.


Message History

You closely miss the adder.
The adder is moderately wounded.
You feel sick. The adder closely misses you.
You take 1 damage, and have 12/46 hp.
You barely miss the adder.
The adder is moderately wounded.
You feel sick. The adder closely misses you.
You take 1 damage, and have 11/46 hp.
You hit the adder.
The adder is heavily wounded.
You feel sick.
You take 1 damage, and have 10/46 hp.
You closely miss the adder.
The adder is heavily wounded.
You feel sick. The adder barely misses you.
You take 1 damage, and have 9/46 hp.
You closely miss the adder.
The adder is heavily wounded.
You feel sick. The adder bites you.
* * * LOW HITPOINT WARNING * * *
You take 4 damage, and have 5/46 hp.
You miss the adder.
The adder is heavily wounded.
You feel sick. The adder bites you but does no damage.
You take 1 damage, and have 4/46 hp.
You closely miss the adder.
The adder is heavily wounded.
The adder barely misses you.
You hit the adder.
The adder is severely wounded.
You feel sick. The adder barely misses you.
You take 1 damage, and have 3/46 hp.
You barely miss the adder.
The adder is severely wounded.
You feel sick. The adder closely misses you.
You take 1 damage, and have 2/46 hp.
You closely miss the adder.
The adder is severely wounded.
The adder bites you.
You die...

..##..).#######
#.#####.####### #.#
#...(.... #.#
#..###~.? #.# ##.#...#
###.####..#.⌠.#
##.####.........#...#
........S.#####..###≈≈
#.####.#@# #....≈≈≈≈
#.#.# #.!..~≈≈≈ #.#..
...###~≈ #.#.## #.#. ≈
#.#.# .#.⌠ #S#.# ..#.#
....#


You could see an adder.

Vanquished Creatures
  An adder (D:2)
  2 ball pythons
  4 endoplasms (D:1)
  4 hobgoblins (D:1)
  A quokka (D:1)
  A bat (D:1)
  A frilled lizard (D:1)
  4 goblins
  2 kobolds (D:1)
  2 rats (D:1)
22 creatures vanquished.

Notes
Turn   | Place    | Note
-------+----------+-------------------------------------------
     0 | D:1      | jasper the Mountain Dwarf Berserker began the quest for the
                  | Orb.
     0 | D:1      | Reached XP level 1. HP: 19/19 MP: 1/1
    31 | D:1      | Reached skill level 4 in Axes
    52 | D:1      | Reached XP level 2. HP: 24/26 MP: 2/2
   267 | D:1      | Reached skill level 5 in Axes
   389 | D:1      | Reached XP level 3. HP: 29/31 MP: 3/3
   953 | D:2      | HP: 2/46 [poisoned by an adder]
   954 | D:2      | Slain by an adder

Illustrated notes

Levels and vault maps discovered:
D:1:      eino_arrival_druids_welcome, layout_loops_ring, serial_bayou_lagoon_a,
          minmay_pentomino_z2
D:2:      layout_loops_ring, basic_altar, fountainhead,
          chequers_serial_rivers_marsh

Skill      XL: |  1  2 |
---------------+-------+-----
Axes           | 4 5 |  5.6
Fighting       | |  3.2
Armour         | |  2.1
Dodging        | |  1.3

Action                     || total
---------------------------++-------
  Melee: Hand axe          ||    79
  Throw: Stone             ||     1
 Invoke: Berserk           ||     2
    Use: Scroll            ||     1
   Stab: Sleeping          ||     1
 Armour: Animal skin       ||    39
  Dodge: Dodged            ||    46

Table legend: (Time is in decaauts)
 A = Elapsed time spent in this place.
 B = Non-inter-level travel time spent in this place.
 C = Inter-level travel time spent in this place.
 D = Time resting spent in this place.
 E = Time spent auto-exploring this place.
 F = Levels seen in this place.
 G = Mean time per level.
                   A        B        C        D        E       F      G
               +--------+--------+--------+--------+--------+-----+--------+
         Total |    975 |    820 |    155 |    139 |    475 |   2 |  487.5 |
       Dungeon |    975 |    820 |    155 |    139 |    475 |   2 |  487.5 |
               +--------+--------+--------+--------+--------+-----+--------+

Top non-repeatable levels by time:
     D:1: 852 daAuts
     D:2: 123 daAuts
